 Dungeon Crawl Stone Soup version 0.22-a0-271-gc000056 (webtiles) character file.

1936 4thArraOfDagon the Ruffian (level 9, -2/73 HPs)
             Began as a Formicid Ice Elementalist on Mar 12, 2018.
             Was an Elder of Cheibriados.
             Slain by a gargoyle
             ... wielding a +0 mace
              (13 damage)
             ... on level 14 of the Dungeon.
             The game lasted 00:20:03 (3705 turns).

4thArraOfDagon the Ruffian (FoIE)                   Turns: 3705, Time: 00:20:04

Health: -2/73      AC:  3    Str: 22    XL:     9   Next: 40%
Magic:  13/13      EV: 13    Int: 32    God:    Cheibriados [****..]
Gold:   320        SH:  4    Dex: 21    Spells: 9/12 levels left

rFire    . . .     SeeInvis +     - Unarmed
rCold    . . .     Gourm    .   h - +0 buckler
rNeg     . . .     Faith    .   w - +0 robe (curse)
rPois    .         Spirit   .   (helmet unavailable)
rElec    .         Reflect  .   s - +0 cloak (curse)
rCorr    .         Harm     .   (no gloves)
MR       .....                  (no boots)
Stlth    ++........             i - amulet of regeneration
HPRegen  0.62/turn              (no ring)
MPRegen  0.13/turn              d - +5 ring of intelligence

@: heavily drained, very slow
A: permanent stasis, dig shafts and tunnels, four strong arms, antennae 3,
robust 1, screaming 1, weak 1
a: Dig, Shaft Self, Bend Time, Temporal Distortion, Slouch, Renounce Religion


You were on level 14 of the Dungeon.
You worshipped Cheibriados.
Cheibriados was greatly pleased with you.
You were not hungry.

You visited 1 branch of the dungeon, and saw 11 of its levels.

You collected 320 gold pieces.

Inventory:

Hand Weapons
 u - a +0 scythe
Missiles
 y - 3 tomahawks of dispersal (quivered)
Armour
 a - a +0 robe
 f - a +0 ring mail
 h - a +0 buckler (worn)
 s - a cursed +0 cloak (worn)
 w - a cursed +0 robe (worn)
 x - a +0 robe of positive energy
Jewellery
 d - a +5 ring of intelligence (right hand)
 i - an amulet of regeneration (around neck)
Wands
 t - a wand of digging (6)
Scrolls
 g - 2 scrolls of immolation
 j - 3 scrolls of enchant weapon
 l - a scroll of fear
 m - a scroll of remove curse
 n - a scroll of teleportation
 q - 2 scrolls of amnesia
Potions
 b - a potion of agility {unknown}
 o - a potion of flight {unknown}
 r - a potion of brilliance {unknown}
Comestibles
 c - 13 rations


   Skills:
 + Level 4.9(2.8) Fighting
 + Level 4.7(2.6) Dodging
 - Level 2.4(0.4) Stealth
 + Level 2.1(0.1) Shields
 * Level 7.1(4.8) Unarmed Combat
 - Level 2.1(0.2) Spellcasting
 - Level 0.8(0.0) Conjurations
 - Level 4.3(2.2) Ice Magic
 + Level 5.3(3.1) Invocations


You had 9 spell levels left.
You knew the following spells:

 Your Spells              Type           Power        Failure   Level  Hunger
a - Freeze                Ice            ##..         5%          1    ##.....
b - Throw Frost           Conj/Ice       #.....       13%         2    ###....


Dungeon Overview and Level Annotations

Branches:
Dungeon (8/15)             Temple (0/1) D:4            Lair (0/6) D:8

Altars:
Cheibriados
Fedhas
Gozag
Makhleb
Qazlal
Uskayaw
Wu Jian
Yredelemnul
Zin

Annotations:
D:7 Prince Ribbit


Innate Abilities, Weirdness & Mutations

You cannot be hasted, slowed, berserked, paralysed or teleported.
You can dig through walls and to a lower floor.
Your four strong arms can wield two-handed weapons with a shield.
You have a pair of large antennae on your head. (SInv)
You are robust. (+10% HP)
You occasionally shout uncontrollably at your foes.
You are weak. (Str -2)


Message History

The gargoyle hurls a stone arrow at you.
The stone arrow misses you.
You hit the gargoyle but do no damage.
The gargoyle is moderately damaged.
The gargoyle hurls a stone arrow at you.
The stone arrow hits you!
You barely miss the gargoyle.
The gargoyle is moderately damaged.
The gargoyle hits you with a mace!
You are too injured to fight recklessly!
You are too injured to fight recklessly!
You are too injured to fight recklessly!
You are too injured to fight recklessly!
You feel better.
The gargoyle hurls a stone arrow at you.
The stone arrow hits you!
* * * LOW HITPOINT WARNING * * *
Unknown command.
You fail to use your ability.
The gargoyle hits you with a mace!
You die...

**,,,,,,,,* *,,,,,>,,,{,,,+.....
*,,,,,,,,****,****,*******#.....
*,,,,,,,,+,,,{* *,* #.....
*,>,,,,,,****** *,* ###'##
********** *,* #..# *,* ##.. *,*
##. * ####+##### ####. *
#@#......#####.... **************
##9.....)'.....###
+,,,,,,,,,,,,***##......#####....
***********#...9.+......# ##### *
#######......# *,,,, * #......#
*,*** * #......# *,,,, * ########
*****


You could see a gargoyle.

Vanquished Creatures
  A hippogriff (D:7)
  Sigmund (D:6)
  A spriggan (D:7)
  A hungry ghost (D:8)
  A water moccasin (D:5)
  A sky beast (D:6)
  An ice beast (D:6)
  A necrophage (D:6)
  A centaur (D:6)
  A big kobold (D:7)
  A wyvern skeleton (D:14)
  5 wights
  A crimson imp (D:4)
  A jelly (D:14)
  3 hounds
  3 orc priests (D:6)
  2 orc wizards
  2 worker ants
  7 adders
  An ooze (D:3)
  3 adder skeletons
  5 worms
  A dart slug (D:5)
  5 leopard geckos
  13 orcs
  10 bats
  6 giant cockroaches
  11 goblins
  14 hobgoblins
  15 jackals
  11 kobolds
  2 quokkas
  A ball python (D:5)
  5 frilled lizards
  A giant cockroach zombie (D:6)
  4 rats
143 creatures vanquished.

Notes
Turn   | Place    | Note
-------+----------+-------------------------------------------
     0 | D:1      | 4thArraOfDagon the Formicid Ice Elementalist began the quest for the Orb.
     0 | D:1      | Reached XP level 1. HP: 13/13 MP: 3/3
   105 | D:1      | Reached XP level 2. HP: 13/19 MP: 0/5
   127 | D:2      | You fall through a shaft!
   198 | D:3      | Found an ornate altar of the Wu Jian Council.
   236 | D:3      | Reached skill level 1 in Unarmed Combat
   482 | D:4      | Reached XP level 3. HP: 7/24 MP: 0/6
   544 | D:4      | Reached XP level 4. HP: 6/30 MP: 2/7
   594 | D:5      | Entered Level 5 of the Dungeon
   628 | D:5      | Noticed a water moccasin
   709 | D:5      | Found a snail-covered altar of Cheibriados.
   711 | D:5      | Became a worshipper of Cheibriados the Contemplative
   835 | D:3      | Reached skill level 2 in Unarmed Combat
   839 | D:4      | Found a staircase to the Ecumenical Temple.
   854 | D:3      | Reached XP level 5. HP: 20/35 MP: 3/8
   949 | D:3      | Found a glowing silver altar of Zin.
   950 | D:3      | Found a basalt altar of Yredelemnul.
   953 | D:3      | Found a burning altar of Makhleb.
   953 | D:3      | Found a blossoming altar of Fedhas.
  1158 | D:2      | Reached * piety under Cheibriados
  1464 | D:1      | Reached skill level 1 in Invocations
  1525 | D:2      | Reached ** piety under Cheibriados
  1560 | D:2      | Reached skill level 1 in Fighting
  1560 | D:2      | Reached skill level 3 in Unarmed Combat
  1594 | D:2      | Reached XP level 6. HP: 34/43 MP: 5/9
  1942 | D:4      | Learned a level 2 spell: Throw Frost
  2446 | D:5      | Killed a water moccasin
  2446 | D:5      | Reached XP level 7. HP: 43/50 MP: 4/10
  2491 | D:6      | Reached *** piety under Cheibriados
  2501 | D:6      | Reached skill level 4 in Unarmed Combat
  2645 | D:6      | Noticed Sigmund
  2657 | D:6      | Killed Sigmund
  2657 | D:6      | Reached skill level 5 in Unarmed Combat
  2657 | D:6      | Reached XP level 8. HP: 43/58 MP: 0/11
  2760 | D:6      | Gained mutation: You are frail. (-10% HP) [potion of mutation]
  2760 | D:6      | Gained mutation: Your system is resistant to poisons. (rPois) [potion of mutation]
  2760 | D:6      | Gained mutation: You expend magic power (3 MP) to strengthen your wands. [potion of mutation]
  2760 | D:6      | Gained mutation: Your spells are a little harder to cast, but a little more powerful. [potion of mutation]
  2767 | D:6      | Lost mutation: You are frail. (-10% HP) [potion of mutation]
  2767 | D:6      | Lost mutation: Your spells are a little harder to cast, but a little more powerful. [potion of mutation]
  2767 | D:6      | Lost mutation: You expend magic power (3 MP) to strengthen your wands. [potion of mutation]
  2767 | D:6      | Lost mutation: Your system is resistant to poisons. (rPois) [potion of mutation]
  2767 | D:6      | Gained mutation: You occasionally shout uncontrollably at your foes. [potion of mutation]
  2767 | D:6      | Gained mutation: You are weak. (Str -2) [potion of mutation]
  2767 | D:6      | Gained mutation: You are robust. (+10% HP) [potion of mutation]
  2914 | D:7      | Noticed a spriggan baker
  2917 | D:7      | Killed a spriggan baker
  2917 | D:7      | Reached **** piety under Cheibriados
  2917 | D:7      | Reached skill level 6 in Unarmed Combat
  3045 | D:7      | Reached XP level 9. HP: 14/71 MP: 9/12
  3197 | D:7      | Noticed Prince Ribbit
  3198 | D:7      | Noticed a hippogriff
  3222 | D:7      | Killed a hippogriff
  3222 | D:7      | Reached skill level 1 in Shields
  3222 | D:7      | Reached skill level 5 in Invocations
  3294 | D:7      | Found a snail-covered altar of Cheibriados.
  3371 | D:7      | Found a stormy altar of Qazlal.
  3371 | D:7      | Found an opulent altar of Gozag.
  3371 | D:7      | Found a hide-covered altar of Uskayaw.
  3417 | D:8      | Reached skill level 7 in Unarmed Combat
  3436 | D:8      | Found a staircase to the Lair.
  3474 | D:8      | Noticed a two-headed ogre
  3482 | D:8      | You fall through a shaft for 3 floors!
  3511 | D:11     | You fall through a shaft for 2 floors!
  3533 | D:13     | You fall through a shaft!
  3688 | D:14     | Noticed a gargoyle
  3705 | D:14     | Slain by a gargoyle

Vault maps used:
D:1:      dpeg_arrival_oval
D:2:      first_ration, serial_forest, infiniplex_forest_clump_diagonal,
          infiniplex_forest_clump_long, infiniplex_forest_corner_2,
          infiniplex_forest_clump_large, infiniplex_forest_end_1,
          infiniplex_forest_clump_curved, infiniplex_forest_straight_2,
          hangedman_abyss_or_decor_stabs
D:3:      lemuel_round_altar, grunt_temple_overflow_open, portal_sewer_entry_d
D:4:      minmay_temple_entry_glass, kennysheep_cluttered_room
D:5:      dk_noncrumbling_3, kennysheep_slug_shrine
D:6:      uniq_sigmund
D:7:      gammafunk_temple_overflow_forgotten, overflow_temple_1_default,
          the_bakery, uniq_prince_ribbit1
D:8:      lair_entry_dummy
D:13:     amethyst_killhole, uniq_rupert
D:14:     lightli_vaults_fourway_checkpoint, minmay_stone_trees_medium,
          nicolae_qazlal_eye_of_the_storm

Skill      XL: |  1  2  3  4  5  6  7  8  9 |
---------------+----------------------------+-----
Unarmed Combat | 1 2 3 5 6 7 |  7.1
Ice Magic      | 4 |  4.3
Dodging        | 2 3 4 |  4.7
Invocations    | 1 2 3 4 5 |  5.3
Fighting       | 1 2 3 4 |  4.9
Shields        | 2 |  2.1
Stealth        | |  2.4
Spellcasting   | |  2.1
Conjurations   | |  0.8

Action                   |  1- 3 |  4- 6 |  7- 9 || total
-------------------------+-------+-------+-------++-------
Melee: Unarmed           |     6 |   220 |   225 ||   451
       Punch             |       |     2 |     6 ||     8
Throw: Throwing net      |       |       |     2 ||     2
 Cast: Freeze            |    32 |    74 |    55 ||   161
       Throw Frost       |       |       |     1 ||     1
 Abil: Dig               |     9 |    43 |    30 ||    82
       Shaft Self        |     1 |       |     3 ||     4
  Use: Scroll            |     2 |     6 |     7 ||    15
       Potion            |     1 |       |     7 ||     8
 Stab: Held in net/web   |       |       |     3 ||     3
       Sleeping          |       |       |     1 ||     1
  Eat: Chunk             |     1 |    12 |     7 ||    20
       Ration            |       |       |     1 ||     1
Armor: Ring mail         |    11 |    79 |    32 ||   122
       Robe              |     4 |       |     8 ||    12
Dodge: Dodged            |    19 |   146 |   156 ||   321
Block: Buckler           |       |       |    11 ||    11

Table legend:
 A = Spawn XP
 B = Non-spawn XP
 C = Spawn XP percentage of total XP
 D = Spawn monster count
 E = Non-spawn monster count
 F = Spawn count percentage of total count
 G = Total turns spent on level
                    A         B        C        D         E        F      G
               +---------+---------+-------+---------+---------+-------+---------
         Total |       0 |    2766 |   0.0 |       0 |     143 |   0.0 |  3705
               +---------+---------+-------+---------+---------+-------+---------
           D:1 |       0 |      31 |   0.0 |       0 |      17 |   0.0 |   374
           D:2 |       0 |      61 |   0.0 |       0 |      26 |   0.0 |   322
           D:3 |       0 |     143 |   0.0 |       0 |      21 |   0.0 |   673
           D:4 |       0 |     140 |   0.0 |       0 |      17 |   0.0 |   662
           D:5 |       0 |     165 |   0.0 |       0 |      10 |   0.0 |   430
           D:6 |       0 |     974 |   0.0 |       0 |      27 |   0.0 |   428
           D:7 |       0 |     875 |   0.0 |       0 |      20 |   0.0 |   496
           D:8 |       0 |     195 |   0.0 |       0 |       2 |   0.0 |    97
          D:11 |       0 |      59 |   0.0 |       0 |       1 |   0.0 |    29
          D:14 |       0 |     123 |   0.0 |       0 |       2 |   0.0 |   172
               +---------+---------+-------+---------+---------+-------+---------
